 Dungeon Crawl Stone Soup version 0.22-b1-26-g9dbaab1 (webtiles) character file.

63 Doobh the Sneak (level 4, 0/28 HPs)
             Began as a Kobold Assassin on Aug 8, 2018.
             Succumbed to a kobold's poison
             ... on level 2 of the Dungeon.
             The game lasted 00:05:34 (1761 turns).

Doobh the Sneak (Kobold Assassin)                   Turns: 1761, Time: 00:05:35

Health: 0/28       AC:  3    Str:  8    XL:     4   Next: 31%
Magic:  4/4        EV: 15    Int: 12    God:
Gold:   64         SH:  0    Dex: 17    Spells: 3/3 levels left

rFire    . . .     SeeInvis .   h - +0 short sword (speed)
rCold    . . .     Gourm    .   (shield restricted)
rNeg     . . .     Faith    .   c - +0 robe
rPois    .         Spirit   .   (no helmet)
rElec    .         Reflect  .   d - +0 cloak
rCorr    .         Harm     .   (no gloves)
MR       .....                  (no boots)
Stlth    +++.......             (no amulet)
HPRegen  0.09/turn              (no ring)
MPRegen  0.09/turn              (no ring)

@: lethally poisoned (0 -> -13), hasted, very quick
A: small, carnivore
a: no special abilities


You were on level 2 of the Dungeon.
You were completely stuffed.

You visited 1 branch of the dungeon, and saw 2 of its levels.

You collected 64 gold pieces.

Inventory:

Hand Weapons
 a - a +2 dagger
 b - a +0 blowgun
 h - a +0 short sword of speed (weapon)
Missiles
 e - 8 poisoned needles
 f - 2 curare-tipped needles
Armour
 c - a +0 robe (worn)
 d - a +0 cloak (worn)
Jewellery
 j - an uncursed ring of wizardry
 k - a cursed ring of attention {unknown}
 l - a +3 ring of evasion {unknown}
Scrolls
 i - a scroll of teleportation {unknown}
 o - a scroll of enchant weapon {unknown}
Comestibles
 g - 2 rations
 p - a chunk of flesh


   Skills:
 * Level 3.1 Fighting
 + Level 3.2 Short Blades
 + Level 2.7 Throwing
 * Level 2.6 Dodging
 + Level 5.5 Stealth


You had 3 spell levels left.
You didn't know any spells.
Your spell library was empty.

Dungeon Overview and Level Annotations

Branches:
Dungeon (2/15)

Altars:

Annotations:
D:2 Robin


Innate Abilities, Weirdness & Mutations

You are small and have problems with some larger weapons.
You are carnivorous and can eat meat at any time.


Message History

The goblin closely misses you.
The kobold unwields an uncursed whip.
The kobold wields a blowgun.
The kobold shoots a poisoned needle.
The poisoned needle hits you!
You are lethally poisoned!
You see here a poisoned needle.
* * * LOW HITPOINT WARNING * * *
You feel sick. The bat hits you but does no damage.
The adder barely misses you. The goblin closely misses you.
* * * LOW HITPOINT WARNING * * *
You feel sick. The bat barely misses you. The bat closely misses you.
The bat hits you.
* * * LOW HITPOINT WARNING * * *
* * * LOW HITPOINT WARNING * * *
You feel sick.
The goblin no longer looks unusually strong.
* * * LOW HITPOINT WARNING * * *
You feel sick. The bat hits you.
* * * LOW HITPOINT WARNING * * *
The bat closely misses you.
You die...

..)..#..##'#.# ......#....## #..
..##.#......(###......#.....# #..
..........(.................###..
..#...)..))..........##.......#..
.......................g.........
.##..#..#....#.#......#..#.<#.#..
.##..#..#........................
.............#.#..#.....g...#.#..
.##..#..#....#.#@.#......#'##.#..
#..#.......#.#..###.........#..
.. ...........b.###..K.........
.........Sg.g(..........
........................
..........###...#.....#.
.####.#...# #.........# ...'....
............
###.#.................


You could see an adder, a goblin (wandering) and a bat.

Vanquished Creatures
  An ooze (D:2)
  2 worms (D:2)
  2 dart slugs (D:2)
  3 leopard geckos
  10 goblins
  8 hobgoblins
  7 bats
  2 frilled lizards (D:2)
  5 kobolds
  4 rats
44 creatures vanquished.

Notes
Turn   | Place    | Note
-------+----------+-------------------------------------------
     0 | D:1      | Doobh the Kobold Assassin began the quest for the Orb.
     0 | D:1      | Reached XP level 1. HP: 12/12 MP: 1/1
   111 | D:1      | Reached XP level 2. HP: 18/18 MP: 2/2
   655 | D:1      | Reached XP level 3. HP: 19/22 MP: 3/3
  1390 | D:2      | Reached XP level 4. HP: 28/28 MP: 4/4
  1655 | D:2      | Noticed Robin
  1747 | D:2      | HP: 1/28 [poisoned by an adder]
  1759 | D:2      | HP: 1/28 [bat (1)]
  1761 | D:2      | Succumbed to a kobold's poison

Skill      XL: |  1  2  3 |
---------------+----------+-----
Dodging        | 2 |  2.6
Short Blades   | 3 |  3.2
Fighting       | 3 |  3.1
Throwing       | |  2.7
Stealth        | |  5.5

Action                   |  1- 3 |  4- 6 || total
-------------------------+-------+-------++-------
Melee: Dagger            |    53 |       ||    53
       Short sword       |    42 |    41 ||    83
 Fire: Blowgun           |     8 |     6 ||    14
  Use: Scroll            |     3 |       ||     3
       Potion            |       |     2 ||     2
 Stab: Sleeping          |     6 |     1 ||     7
       Distracted        |     1 |       ||     1
  Eat: Chunk             |    10 |     1 ||    11
Armor: Robe              |    12 |    14 ||    26
Dodge: Dodged            |    62 |    47 ||   109
